 Dungeon Crawl Stone Soup version 0.28-a0-1493-g08698888e4 (webtiles) character file.

Game seed: 6676295709859634145

107 fragbeetle the Magician (level 4, 0/32 HPs)
             Began as a Gnoll Hedge Wizard on Jan 13, 2022.
             Succumbed to an adder's poison
             ... on level 2 of the Dungeon.
             The game lasted 00:07:03 (3032 turns).

fragbeetle the Magician (Gnoll Hedge Wizard)        Turns: 3032, Time: 00:07:04

Health: 0/32       AC:  3    Str: 11 (12) XL:     4   Next: 86%
Magic:  0/13       EV: 13    Int: 11 (13) God:
Gold:   81         SH:  0    Dex: 10 (11) Spells: 10/17 levels left

rFire   . . .      SeeInvis .   a - +0 dagger
rCold   . . .      Faith    .   (no shield)
rNeg    . . .      Spirit   .   b - +0 robe
rPois   .          Reflect  .   c - +0 hat
rElec   .          Harm     .   h - +0 cloak
rCorr   .          Rampage  .   (no gloves)
Will    .....                   (no boots)
Stlth   ++........              (no amulet)
HPRegen 0.10/turn               (no ring)
MPRegen 0.13/turn               (no ring)

@: lethally poisoned (0 -> -4), very slightly contaminated
A: fangs 1, strong nose, distributed training
a: no special abilities


You were on level 2 of the Dungeon.
You visited 1 branch of the dungeon, and saw 2 of its levels.

You collected 81 gold pieces.

Inventory:

Hand Weapons
 a - a +0 dagger (weapon)
Missiles
 d - a throwing net
 e - 44 stones
 f - 21 sling bullets
Armour
 b - a +0 robe (worn)
 c - a +0 hat (worn)
 h - a +0 cloak (worn)
 k - a +0 leather armour
Scrolls
 i - a scroll of torment {unknown}
 l - a scroll of vulnerability {unknown}
 m - a scroll of identify {unknown}
Potions
 g - 2 potions of degeneration
 j - a potion of heal wounds {unknown}


   Skills:
 + Level 1.2 Fighting
 + Level 1.2 Short Blades
 + Level 1.2 Long Blades
 + Level 1.2 Axes
 + Level 1.2 Maces & Flails
 + Level 1.2 Polearms
 + Level 1.2 Staves
 + Level 1.2 Slings
 + Level 1.2 Bows
 + Level 1.2 Crossbows
 + Level 1.2 Throwing
 + Level 1.2 Armour
 + Level 4.7 Dodging
 + Level 4.3 Stealth
 + Level 1.2 Shields
 + Level 1.2 Unarmed Combat
 + Level 7.2 Spellcasting
 + Level 2.3 Conjurations
 + Level 1.0 Hexes
 + Level 2.3 Summonings
 + Level 1.0 Necromancy
 + Level 2.3 Translocations
 + Level 1.0 Transmutations
 + Level 1.0 Fire Magic
 + Level 1.0 Ice Magic
 + Level 1.0 Air Magic
 + Level 1.0 Earth Magic
 + Level 1.0 Poison Magic
 + Level 1.4 Invocations
 + Level 1.2 Evocations


You had 10 spell levels left.
You knew the following spells:

 Your Spells              Type           Power      Damage    Failure   Level
a - Magic Dart            Conj           36%        1d4       7%          1
b - Call Imp              Summ           9%         N/A       10%         2
c - Sandblast             Erth           12%        2d6       11%         1
d - Mephitic Cloud        Conj/Pois/Air  7%         N/A       28%         3

Your spell library contained the following spells:

 Spells                   Type           Power      Damage    Failure   Level
 Blink                    Tloc           18%        N/A       10%         2
 Slow                     Hex            24%        N/A       11%         1
 Passwall                 Tmut/Erth      5%         N/A       17%         2
 Conjure Flame            Conj/Fire      7%         6-21      26%         3
 Stone Arrow              Conj/Erth      14%        3d7       26%         3
 Summon Guardian Golem    Hex/Summ       7%         N/A       26%         3
 Orb of Destruction       Conj           4%         9d2       100%        7
 Spellforged Servitor     Conj/Summ      4%         N/A       100%        7


Dungeon Overview and Level Annotations

Branches:
Dungeon (2/15)

Altars:


Innate Abilities, Weirdness & Mutations

You have very sharp teeth.
Your uncanny sense of smell can sniff out nearby items.
Your experience applies equally to all skills.


Message History

* * * LOW HITPOINT WARNING * * *
The worm barely misses your crimson imp.
Your crimson imp barely misses the worm.
Casting: Sandblast (safe; 10% risk of failure)
Confirm with . or Enter, or press ? or * to list all spells.
Aiming: Sandblast (safe; 10% risk of failure)
Press: ? - help, Shift-Dir - straight line, f/p - adder
Aim: an adder (63% to hit)
You miscast Sandblast.
Nothing appears to happen.
The adder closely misses you.
Your crimson imp hits the worm.
Unknown command.
Casting: Sandblast (safe; 10% risk of failure)
Confirm with . or Enter, or press ? or * to list all spells.
Aiming: Sandblast (safe; 10% risk of failure)
Press: ? - help, Shift-Dir - straight line, f/p - adder
Aim: an adder (63% to hit)
The blast of sand misses the adder.
e - 45 stones The adder bites you.
* * * LOW HITPOINT WARNING * * *
You are lethally poisoned!
The adder poisons you!
The worm barely misses your crimson imp.
The adder misses you.
Your crimson imp hits the worm but does no damage.
Casting: Sandblast (safe; 10% risk of failure)
Confirm with . or Enter, or press ? or * to list all spells.
Aiming: Sandblast (safe; 10% risk of failure)
Press: ? - help, Shift-Dir - straight line, f/p - adder
Aim: an adder (63% to hit)
The blast of sand hits the adder.
The adder is moderately wounded.
e - 44 stones
* * * LOW HITPOINT WARNING * * *
You feel sick. The adder bites you but does no damage.
Your crimson imp hits the worm.
It was a potion of degeneration.
There was something very wrong with that liquid.
You feel weakened.
You feel dopey.
You feel clumsy.
You die...

######### #.......#
#.......#
#######.......#
#@5w..'.......#
#S#####.......# #.#
#.......##
#.#####.........
#.##............
#.##............
h###.##w...........
.h......>...#########
#####.#J..#.# #...


You could see a worm (ally target), an adder and a friendly crimson imp
(summoned).

Vanquished Creatures
  Natasha (D:2)
  3 adders (D:2)
  A worm (D:2)
  2 ball pythons (D:1)
  4 endoplasms
  A giant cockroach (D:1)
  3 goblins
  3 hobgoblins
  6 jackals
  2 quokkas (D:1)
  3 bats
  A frilled lizard (D:1)
  3 kobolds (D:1)
  2 rats (D:1)
35 creatures vanquished.

Vanquished Creatures (collateral kills)
  An adder (D:2)
  A dart slug (D:2)
  A giant cockroach (D:2)
  A goblin (D:2)
  A jackal (D:2)
  A kobold (D:2)
6 creatures vanquished.

Grand Total: 41 creatures vanquished

Notes
Turn   | Place    | Note
-------+----------+-------------------------------------------
     0 | D:1      | fragbeetle the Gnoll Hedge Wizard began the quest for the
                  | Orb.
     0 | D:1      | Reached XP level 1. HP: 13/13 MP: 8/8
   140 | D:1      | Reached XP level 2. HP: 19/19 MP: 10/10
  1484 | D:1      | Reached XP level 3. HP: 25/25 MP: 11/11
  1494 | D:1      | Learned a level 2 spell: Call Imp
  2006 | D:2      | Reached skill level 1 in Invocations
  2012 | D:2      | Reached skill level 1 in Fighting
  2012 | D:2      | Reached skill level 1 in Short Blades
  2012 | D:2      | Reached skill level 1 in Long Blades
  2012 | D:2      | Reached skill level 1 in Axes
  2012 | D:2      | Reached skill level 1 in Maces & Flails
  2012 | D:2      | Reached skill level 1 in Polearms
  2012 | D:2      | Reached skill level 1 in Staves
  2012 | D:2      | Reached skill level 1 in Slings
  2012 | D:2      | Reached skill level 1 in Bows
  2012 | D:2      | Reached skill level 1 in Crossbows
  2012 | D:2      | Reached skill level 1 in Throwing
  2012 | D:2      | Reached skill level 1 in Armour
  2012 | D:2      | Reached skill level 1 in Shields
  2012 | D:2      | Reached skill level 1 in Unarmed Combat
  2012 | D:2      | Reached skill level 1 in Evocations
  2024 | D:2      | Learned a level 1 spell: Sandblast
  2042 | D:2      | Reached XP level 4. HP: 23/32 MP: 7/13
  2289 | D:2      | Learned a level 3 spell: Mephitic Cloud
  2586 | D:2      | Noticed Natasha
  2601 | D:2      | Killed Natasha
  2602 | D:2      | Reached skill level 1 in Hexes
  2602 | D:2      | Reached skill level 1 in Necromancy
  2602 | D:2      | Reached skill level 1 in Transmutations
  2602 | D:2      | Reached skill level 1 in Fire Magic
  2602 | D:2      | Reached skill level 1 in Ice Magic
  2602 | D:2      | Reached skill level 1 in Air Magic
  2602 | D:2      | Reached skill level 1 in Earth Magic
  2602 | D:2      | Reached skill level 1 in Poison Magic
  2964 | D:2      | Found a faded altar of an unknown god.
  3031 | D:2      | HP: 1/32 [poisoned by an adder]
  3032 | D:2      | Succumbed to an adder's poison

Illustrated notes

Levels and vault maps discovered:
D:1:      amcnicky_arrival_flooded_fountain, layout_basic
D:2:      layout_basic, chequers_ecumenical_altar_simple_redux, uniq_natasha

Skill      XL: |  1  2  3  4 |
---------------+-------------+-----
Conjurations   | 2 |  2.3
Summonings     | 2 |  2.3
Translocations | 2 |  2.3
Invocations    | 1 |  1.4
Fighting       | 1 |  1.2
Short Blades   | 1 |  1.2
Long Blades    | 1 |  1.2
Axes           | 1 |  1.2
Maces & Flails | 1 |  1.2
Polearms       | 1 |  1.2
Staves         | 1 |  1.2
Slings         | 1 |  1.2
Bows           | 1 |  1.2
Crossbows      | 1 |  1.2
Throwing       | 1 |  1.2
Armour         | 1 |  1.2
Shields        | 1 |  1.2
Unarmed Combat | 1 |  1.2
Evocations     | 1 |  1.2
Hexes          | 1 |  1.0
Necromancy     | 1 |  1.0
Transmutations | 1 |  1.0
Fire Magic     | 1 |  1.0
Ice Magic      | 1 |  1.0
Air Magic      | 1 |  1.0
Earth Magic    | 1 |  1.0
Poison Magic   | 1 |  1.0
Dodging        | |  4.7
Stealth        | |  4.3
Spellcasting   | |  7.2

Action                   |  1- 3 |  4- 6 || total
-------------------------+-------+-------++-------
Melee: Dagger            |    78 |    69 ||   147
       Bite              |     8 |     9 ||    17
       Punch             |       |     2 ||     2
 Cast: Magic Dart        |    24 |     3 ||    27
       Sandblast         |     3 |    11 ||    14
       Call Imp          |     3 |     3 ||     6
  Use: Potion            |       |     1 ||     1
 Stab: Sleeping          |     6 |       ||     6
Armor: Robe              |    29 |    12 ||    41
Dodge: Dodged            |    75 |    44 ||   119

Table legend: (Time is in decaauts)
 A = Elapsed time spent in this place.
 B = Non-inter-level travel time spent in this place.
 C = Inter-level travel time spent in this place.
 D = Time resting spent in this place.
 E = Time spent auto-exploring this place.
 F = Levels seen in this place.
 G = Mean time per level.
                   A        B        C        D        E       F      G
               +--------+--------+--------+--------+--------+-----+--------+
         Total |   3026 |   2953 |     73 |   1014 |   1219 |   2 | 1513.0 |
       Dungeon |   3026 |   2953 |     73 |   1014 |   1219 |   2 | 1513.0 |
               +--------+--------+--------+--------+--------+-----+--------+

Top non-repeatable levels by time:
     D:1: 1623 daAuts
     D:2: 1402 daAuts
